 Dungeon Crawl Stone Soup version 0.20.0 (webtiles) character file.

41923 SpeedrunTech the Severer (level 13, -13/125 HPs)
             Began as a Minotaur Berserker on June 11, 2017.
             Was a High Priest of Trog.
             Mangled by a thorn hunter (15 damage)
             ... on level 2 of the Swamp.
             The game lasted 00:09:30 (14034 turns).

SpeedrunTech the Severer (Minotaur Berserker)      Turns: 14034, Time: 00:09:31

Health: -13/125    AC: 23    Str: 23    XL:     13   Next: 82%
Magic:  12/12      EV: 11    Int:  4    God:    Trog [*****.]
Gold:   658        SH:  0    Dex: 14    Spells: 12/12 levels left

rFire    . . .     SeeInvis .   a - +2 battleaxe (flame)
rCold    + . .     Gourm    .   (shield currently unavailable)
rNeg     + . .     Faith    .   l - +0 plate armour
rPois    .         Spirit   .   (helmet restricted)
rElec    .         Reflect  .   (no cloak)
rCorr    .         Harm     .   g - +2 pair of gloves
MR       +....                  e - +0 pair of boots
Stlth    ..........             b - macabre finger necklace {rN+}
Regen    0.3/turn               q - +3 ring of protection
MPRegen  0.2/turn               t - ring of protection from cold
                                F - ring of protection from magic

@: no status effects
A: retaliatory headbutt, horns 2
a: Berserk, Trog's Hand, Brothers in Arms, Burn Spellbooks, Renounce Religion


You were on level 2 of the Swamp.
You worshipped Trog.
Trog was extremely pleased with you.
You were not hungry.

You visited 3 branches of the dungeon, and saw 18 of its levels.

You collected 658 gold pieces.

Inventory:

Hand Weapons
 a - a +2 battleaxe of flaming (weapon)
 s - a +2 war axe of freezing
 y - a +0 battleaxe
Armour
 e - a +0 pair of boots (worn)
 g - a +2 pair of gloves (worn)
 l - a +0 plate armour (worn)
Jewellery
 b - the macabre finger necklace (around neck) {rN+}
   (You found it on level 6 of the Lair of Beasts)

   [amulet of nothing]

   It protects you from negative energy.
 p - an uncursed ring of resist corrosion
 q - a +3 ring of protection (left hand)
 t - a ring of protection from cold (right hand)
 z - an uncursed ring of fire
 F - a ring of protection from magic (on amulet)
Wands
 A - a wand of acid (11/15)
Scrolls
 f - a scroll of fear
 o - 3 scrolls of teleportation
 w - 2 scrolls of magic mapping
 C - 2 scrolls of remove curse
 E - 2 scrolls of acquirement {unknown}
Potions
 d - 3 potions of haste
 h - a potion of berserk rage
 j - 5 potions of agility
 k - 2 potions of might
 m - 3 potions of lignification {!q}
 r - a potion of brilliance
 v - 2 potions of mutation {!q!q}
 x - 3 potions of degeneration {unknown}
 B - 2 potions of cancellation
 D - a potion of heal wounds
Comestibles
 c - a bread ration
 n - 8 meat rations
 u - 22 fruits
 G - a royal jelly


   Skills:
 + Level 14.7 Fighting
 * Level 19.6 Axes
 + Level 11.1 Armour
 + Level 7.2 Dodging


You had 12 spell levels left.
You didn't know any spells.

Dungeon Overview and Level Annotations

Branches:
Dungeon (10/15)            Temple (0/1) D:6            Lair (6/6) D:9
  Swamp (2/4) Lair:4        Snake (0/4) Lair:3
  Slime: Lair:5-6       Orc: D:9-12

Altars:

Shops:
D:5 =   D:10 }   Swamp:1 *

Annotations:
Lair:4 exclusion: 2 oklob plants
Lair:6 exclusion: oklob plant
Swamp:2 Kirke


Innate Abilities, Weirdness & Mutations

You reflexively headbutt those who attack you in melee.
You have a pair of horns on your head.


Message History

The four-headed hydra bites you but does no damage. x2
The four-headed hydra bites you! x2
The swamp worm is engulfed in noxious fumes.
The swamp drake breathes noxious fumes at you.
The noxious blast misses you.
In your confused state, you trip and fall back down the stairs.
The hog squeals angrily.
The thorn hunter hits you but does no damage. x2
The four-headed hydra bites you but does no damage. x4
The swamp drake barely misses you.
The thorn hunter fires a volley of thorns at you.
The volley of thorns hits you!
* * * LOW HITPOINT WARNING * * *
You feel better.
The four-headed hydra bites you but does no damage. x4
The swamp drake bites you but does no damage.
The thorn hunter hits you!
* * * LOW HITPOINT WARNING * * *
The thorn hunter hits you!
You die...

♣.≈≈.♣ ♣≈≈..
♣.≈.♣ ♣≈.≈♣
♣♣.≈≈♣
♣♣.≈≈.♣
♣≈Dh≈.♣
♣≈h@kw♣
.≈@hh≈♣≈f..♣
≈h≈≈♣
♣≈w...♣ ≈.≈
.≈>..≈≈≈. }
♣♣.$♣≈≈≈.
♣(.≈≈≈.
♣.≈≈≈. ♣..♣≈


You could see Kirke, a thorn hunter, a four-headed hydra, 2 swamp worms, 5 hogs
and a swamp drake.

Vanquished Creatures
  Josephine (Lair:4)
  8 hydras
  A two-headed ogre (D:9)
  12 death yaks (Lair:5)
  3 black mambas
  4 elephants (Lair:4)
  Joseph (Lair:1)
  Psyche (D:8)
  11 spiny frogs
  7 komodo dragons
  A troll (D:10)
  2 polar bears
  3 tyrant leeches (Swamp:1)
  A queen bee (D:10)
  4 hornets
  14 blink frogs
  5 hippogriffs
  A spriggan (Swamp:1)
  Eustachio (D:4)
  A shadow (Swamp:1)
  The ghost of SpeedrunTech the Chopper, an amateur MiBe of Trog (D:4)
  2 wyverns
  28 yaks
  5 wraiths (Lair:4)
  4 basilisks
  2 hungry ghosts
  A steam dragon (Lair:6)
  4 vampire mosquitoes
  3 swamp worms (Swamp:1)
  2 nagas (Lair:3)
  11 water moccasins
  2 swamp drakes
  7 porcupines
  An orc warrior (D:10)
  3 ice beasts
  A phantom (D:9)
  A black bear (Lair:4)
  A necrophage (D:9)
  An ogre (D:7)
  6 wolves
  3 centaurs
  A big kobold (D:10)
  10 crocodiles
  6 bullfrogs
  A water moccasin zombie (D:9)
  15 killer bees
  5 howler monkeys
  A bullfrog zombie (D:7)
  3 crimson imps
  A hound (D:8)
  2 jellies
  3 orc priests
  A bullfrog skeleton (D:10)
  A centaur skeleton (D:8)
  2 centaur zombies
  6 orc wizards
  A gnoll shaman (D:9)
  4 iguanas
  Natasha (thrice) (D:3)
  2 worker ants
  2 hound zombies (D:9)
  A mummy (D:8)
  3 gnolls (D:9)
  8 adders
  A shadow imp (D:7)
  An adder zombie (D:9)
  An adder skeleton (D:6)
  2 worms (D:2)
  3 leopard geckos
  19 orcs
  A giant cockroach (D:3)
  3 goblins
  6 jackals (D:8)
  2 bats
  A frilled lizard (D:1)
  2 kobolds (D:10)
  A rat (D:2)
  8 fungi
  2 plants
306 creatures vanquished.

Vanquished Creatures (collateral kills)
  A black mamba (Lair:3)
1 creature vanquished.

Vanquished Creatures (others)
  A fungus (Lair:5)
  12 plants
13 creatures vanquished.

Grand Total: 320 creatures vanquished

Notes
Turn   | Place    | Note
-------+----------+-------------------------------------------
     0 | D:1      | SpeedrunTech the Minotaur Berserker began the quest for the Orb.
     0 | D:1      | Reached XP level 1. HP: 19/19 MP: 0/0
   318 | D:2      | Reached skill level 4 in Axes
   321 | D:2      | Reached XP level 2. HP: 26/27 MP: 1/1
   382 | D:3      | Noticed Natasha
   387 | D:3      | Reached XP level 3. HP: 23/34 MP: 2/2
   391 | D:3      | Killed Natasha
   391 | D:3      | Reached skill level 5 in Axes
   391 | D:3      | Reached XP level 4. HP: 19/41 MP: 3/3
   453 | D:3      | Noticed Natasha
   456 | D:3      | Killed Natasha
   456 | D:3      | Reached skill level 6 in Axes
   456 | D:3      | Reached XP level 5. HP: 26/47 MP: 4/4
   584 | D:3      | Noticed Natasha
   592 | D:3      | Killed Natasha
   592 | D:3      | Reached ** piety under Trog
   592 | D:3      | Reached skill level 5 in Fighting
   652 | D:4      | Noticed SpeedrunTech's ghost (amateur MiBe)
   659 | D:4      | Killed SpeedrunTech's ghost
   659 | D:4      | Reached skill level 7 in Axes
   659 | D:4      | Reached XP level 6. HP: 56/56 MP: 5/5
   667 | D:4      | Noticed Eustachio
   821 | D:4      | Killed Eustachio
   821 | D:4      | Reached skill level 8 in Axes
   871 | D:5      | Entered Level 5 of the Dungeon
   899 | D:5      | Found Dehelel's Jewellery Shop.
   933 | D:6      | Noticed an ice beast
   949 | D:6      | Killed an ice beast
   949 | D:6      | Reached XP level 7. HP: 52/64 MP: 6/6
  1030 | D:6      | Found a staircase to the Ecumenical Temple.
  1060 | D:6      | Reached skill level 9 in Axes
  1562 | D:7      | You fall through a shaft!
  1571 | D:8      | Noticed a hungry ghost
  1588 | D:8      | Killed a hungry ghost
  1588 | D:8      | Reached skill level 10 in Axes
  1588 | D:8      | Reached XP level 8. HP: 55/73 MP: 7/7
  1933 | D:8      | Found a sand-covered staircase.
  2090 | D:8      | Noticed Psyche
  2103 | D:8      | Killed Psyche
  2103 | D:8      | Reached skill level 11 in Axes
  2537 | D:8      | Reached *** piety under Trog
  2698 | D:9      | Noticed a hippogriff
  2713 | D:9      | Killed a hippogriff
  2713 | D:9      | Reached skill level 12 in Axes
  2713 | D:9      | Reached XP level 9. HP: 82/82 MP: 8/8
  3354 | D:9      | Noticed a two-headed ogre
  3363 | D:9      | Killed a two-headed ogre
  3363 | D:9      | Reached skill level 10 in Fighting
  3363 | D:9      | Reached skill level 13 in Axes
  3730 | D:9      | Reached skill level 14 in Axes
  3730 | D:9      | Reached XP level 10. HP: 91/94 MP: 9/9
  3775 | D:9      | Found a staircase to the Lair.
  3882 | D:10     | Entered Level 10 of the Dungeon
  3889 | D:10     | Found Igruaj's Gadget Emporium.
  3984 | D:10     | Reached **** piety under Trog
  4377 | D:10     | HP: 9/95 [poisoned by a killer bee]
  4384 | D:10     | HP: 9/95 [poisoned by a killer bee]
  4392 | D:10     | HP: 9/95 [poisoned by a killer bee]
  4875 | D:10     | Reached skill level 15 in Axes
  4995 | Lair:1   | Entered Level 1 of the Lair of Beasts
  5032 | Lair:1   | Noticed Joseph
  5041 | Lair:1   | Killed Joseph
  5692 | Lair:1   | Reached XP level 11. HP: 43/104 MP: 5/10
  6208 | Lair:2   | Reached skill level 5 in Armour
  6519 | Lair:2   | Reached skill level 16 in Axes
  7086 | Lair:3   | Noticed an eight-headed hydra
  7098 | Lair:3   | Killed a ten-headed hydra
  7118 | Lair:3   | HP: 10/104 [poisoned by a black mamba]
  7123 | Lair:3   | HP: 8/105 [poisoned by a black mamba]
  7129 | Lair:3   | HP: 7/105 [poisoned by a black mamba]
  7134 | Lair:3   | HP: 7/105 [poisoned by a black mamba]
  7140 | Lair:3   | HP: 7/105 [poisoned by a black mamba]
  7146 | Lair:3   | HP: 7/105 [poisoned by a black mamba]
  7152 | Lair:3   | HP: 7/105 [poisoned by a black mamba]
  7682 | Lair:3   | Reached skill level 17 in Axes
  8043 | Lair:3   | Noticed an eight-headed hydra
  8053 | Lair:3   | Killed a 12-headed hydra
  8320 | Lair:3   | Found a staircase to the Snake Pit.
  8572 | Lair:4   | Reached XP level 12. HP: 100/113 MP: 8/11
  8763 | Lair:4   | Noticed Josephine
  8780 | Lair:4   | Killed Josephine
  8931 | Lair:4   | Noticed a five-headed hydra
  8937 | Lair:4   | Killed a three-headed hydra
  8937 | Lair:4   | Reached ***** piety under Trog
  9328 | Lair:4   | Found a staircase to the Swamp.
  9458 | Lair:4   | Reached skill level 18 in Axes
  9460 | Lair:4   | Received a gift from Trog
  9510 | Lair:5   | Noticed a death yak
  9511 | Lair:5   | Noticed a death yak
  9512 | Lair:5   | Noticed a four-headed hydra
  9515 | Lair:5   | Noticed a death yak
  9515 | Lair:5   | Killed a death yak
  9517 | Lair:5   | Killed a death yak
  9519 | Lair:5   | Killed a one-headed hydra
  9522 | Lair:5   | Killed a death yak
  9522 | Lair:5   | Reached skill level 5 in Dodging
  9529 | Lair:5   | Noticed a death yak
  9532 | Lair:5   | Noticed a death yak
  9533 | Lair:5   | Noticed a death yak
  9535 | Lair:5   | Killed a death yak
  9537 | Lair:5   | Noticed a death yak
  9540 | Lair:5   | Killed a death yak
  9541 | Lair:5   | Killed a death yak
  9544 | Lair:5   | Killed a death yak
  9919 | Lair:5   | Reached XP level 13. HP: 110/123 MP: 12/12
 10171 | Lair:5   | Reached skill level 10 in Armour
 10865 | Lair:5   | Reached skill level 19 in Axes
 11031 | Lair:6   | Entered Level 6 of the Lair of Beasts
 12181 | Swamp:1  | Entered Level 1 of the Swamp
 12195 | Swamp:1  | Received a gift from Trog
 12300 | Swamp:1  | Found Zoenekih's Island Escapes.
 12566 | Swamp:1  | Paralysed by a hornet for 3 turns
 14024 | Swamp:2  | Noticed a thorn hunter
 14030 | Swamp:2  | Noticed Kirke
 14033 | Swamp:2  | HP: 7/125 [thorn hunter/volley of thorns (31)]
 14034 | Swamp:2  | HP: 2/125 [thorn hunter (15)]
 14034 | Swamp:2  | Mangled by a thorn hunter

Skill      XL: |  1  2  3  4  5  6  7  8  9 10 11 12 13 |
---------------+----------------------------------------+-----
Axes           | 4 5 6 7 8 10 12 14 15 17 18 19 | 19.6
Fighting       | 4 5 6 7 8 10 11 12 13 14 | 14.7
Armour         | 4 7 9 11 | 11.1
Dodging        | 5 7 |  7.2

Action                   |  1- 3 |  4- 6 |  7- 9 | 10-12 | 13-15 || total
-------------------------+-------+-------+-------+-------+-------++-------
Melee: Hand axe          |    37 |    47 |   245 |    32 |       ||   361
       Headbutt          |     5 |    10 |    49 |    97 |    59 ||   220
       Battleaxe         |       |       |       |   278 |   222 ||   500
       War axe           |       |       |       |    60 |       ||    60
Invok: Berserk           |     1 |     2 |     7 |    11 |     3 ||    24
       Burn Spellbooks   |       |       |       |     3 |     3 ||     6
       Trog's Hand       |       |       |       |     5 |     1 ||     6
       Brothers in Arms  |       |       |       |     2 |       ||     2
  Use: Potion            |       |       |     1 |     2 |     1 ||     4
       Scroll            |       |       |       |    20 |     4 ||    24
  Eat: Chunk             |       |     3 |    12 |    17 |     5 ||    37
       Bread ration      |       |       |     1 |     4 |     3 ||     8
Armor: Animal skin       |    12 |       |       |       |       ||    12
       Scale mail        |     8 |    35 |    85 |    18 |       ||   146
       Plate armour      |       |       |       |   314 |   149 ||   463
Dodge: Dodged            |    28 |    47 |   109 |   172 |    92 ||   448
